Map: Port Aleksander LE

Players

Odin - Winner!

  • Race: Protoss Protoss
  • League: Gold
  • Spawn Location: 11:00

keyser

  • Race: Terran Terran
  • League: Gold
  • Spawn Location: 5:00

VOD

Have the link to the VOD?

Description

Time

  • Played on: Dec. 11, 2018, 10:56 p.m.
  • Length: 10:49
Show
View Real Time Build Order
Export as new Build Order

Odin Protoss - Winner!

Build Orders:  

Get SALT Encoding   

  12  0:09  Probe  
  13  0:14  Pylon  
  13  0:32  Forge  
  13  0:47  Probe  
  14  1:08  Pylon  
  14  1:09  Pylon  
  14  1:11  Pylon  
  14  1:26  Photon Cannon  
  14  1:27  Pylon  
  14  1:48  Photon Cannon  
  13  1:57  Probe  
  13  2:05  Gateway  
  13  2:19  Probe  
  13  2:26  Assimilator  
  13  2:27  Probe  
  15  2:37  Probe  
  16  2:55  Photon Cannon x2  
  16  2:57  Photon Cannon  
  16  3:06  Pylon  
  16  3:15  Cybernetics Core  
  16  3:26  Photon Cannon  
  16  3:32  Photon Cannon  
  16  3:54  Shield Battery  
  16  3:56  Probe  
  17  4:03  Assimilator  
  17  4:09  Probe  
  17  4:18  Probe  
  17  4:20  Stalker  
  20  4:28  Probe  
  21  4:35  Pylon  
  21  4:40  Probe  
  22  4:48  Warp Gate  
  22  4:52  Probe  
  23  4:56  Photon Cannon  
  23  4:57  Photon Cannon  
  23  5:05  Robotics Facility  
  23  5:17  Robotics Facility  
  23  5:38  Robotics Facility  
  23  5:40  Photon Cannon  
  23  5:41  Photon Cannon  
  21  5:56  Probe  
  22  6:04  Probe  
  22  6:05  Robotics Facility  
  23  6:13  Probe  
  24  6:24  Pylon  
  24  6:25  Pylon  
  24  6:27  Probe  
  25  6:41  Gateway  
  25  6:54  Probe, Twilight Council  
  26  7:03  Gateway x2  
  26  7:06  Stalker  
  28  7:13  Immortal  
  32  7:16  Pylon  
  32  7:34  Stalker, Shield Battery  
  32  7:36  Shield Battery  
  34  7:40  Dark Shrine  
  34  7:46  Sentry  
  36  7:58  Sentry  
  36  8:00  Sentry  
  36  8:01  Sentry  
  40  8:32  Stalker  
  40  8:33  Stalker x3  
  48  8:40  Immortal  
  52  8:52  Shield Battery  
  52  8:57  Zealot  
  54  9:20  Pylon x2  
  54  9:23  Observer  
  55  9:39  Dark Templar  
  55  9:40  Dark Templar  
  53  10:30  Dark Templar x2  
Show
View Real Time Build Order
Export as new Build Order

keyser Terran 

Build Orders:  

Get SALT Encoding   

  12  0:00  SCV  
  13  0:16  Supply Depot  
  13  0:18  SCV  
  14  0:32  SCV  
  15  0:40  Barracks  
  15  0:46  Refinery, SCV  
  16  0:58  SCV  
  17  1:10  SCV  
  18  1:31  Marine, Bunker  
  19  1:37  Barracks  
  19  1:49  Marine  
  18  2:20  Marine  
  19  2:29  Refinery  
  19  2:38  Marine  
  19  3:12  Marine  
  19  3:13  Supply Depot  
  20  3:20  Factory  
  19  3:34  Marine  
  19  3:35  Orbital Command  
  20  3:43  Supply Depot  
  20  3:46  Marine  
  21  3:58  Marine  
  21  3:59  Supply Depot  
  21  4:01  Supply Depot  
  22  4:04  Marine  
  22  4:15  Factory Tech Lab  
  22  4:16  Marine  
  23  4:22  Marine  
  23  4:23  Starport  
  24  4:28  SCV  
  24  4:40  SCV  
  24  4:44  Barracks Reactor  
  25  4:47  Siege Tank  
  25  4:52  SCV  
  29  4:53  Marine  
  28  5:11  Marine  
  27  5:26  Marine x2  
  28  5:28  Marine  
  24  5:43  Marine  
  24  5:44  Marine  
  24  5:46  Marine  
  27  5:50  Liberator  
  27  6:01  Marine  
  27  6:02  Marine, Bunker  
  29  6:04  Marine  
  33  6:19  Marine x2  
  33  6:22  Marine  
  36  6:29  Siege Tank  
  39  6:37  Marine x2  
  41  6:40  Marine  
  38  6:55  Marine x2  
  38  6:57  Marine  
  38  6:58  Liberator  
  36  7:13  Marine x2  
  40  7:30  Marine  
  40  7:31  Marine  
  40  7:33  Barracks Tech Lab  
  40  7:35  Supply Depot  
  42  7:48  Marine  
  42  7:49  Marine  
  42  7:51  Widow Mine  
  46  7:57  Supply Depot  
  46  8:06  Combat Shield  
  46  8:08  Marine x2  
  46  8:09  Marine  
  46  8:12  Widow Mine  
  51  8:26  Marine x3  
  54  8:34  Widow Mine  
  56  8:44  Marine x3  
  59  8:50  Starport Tech Lab  
  59  9:02  Marine x3  
  61  9:19  Marine  
  61  9:20  Marine  
  63  9:30  Supply Depot  
  63  9:34  Supply Depot  
  63  9:48  Marine  
  63  9:49  Marine  
  63  9:51  Marine  
  63  9:52  Raven  
Tags
 
Add a new tag
Caveats
  • Supply blocks, unpowered buildings, or Contaminate may cause inaccurate times.
  • Supply counts are checked every 10 seconds.